 Dungeon Crawl Stone Soup version 0.23-a0-677-g07611c5 (webtiles) character file.

135 Blackhawk the Skirmisher (level 4, -1/33 HPs)
             Began as a Demonspawn Fighter on Jan 9, 2019.
             Was an Initiate of Hepliaklqana.
             Blown up by Ijyb (19 damage)
             ... with a wand of disintegration (6)
             ... on level 3 of the Dungeon.
             The game lasted 00:03:07 (1977 turns).

Blackhawk the Skirmisher (Demonspawn Fighter)       Turns: 1977, Time: 00:03:07

Health: -1/33      AC: 10    Str: 17    XL:     4   Next: 96%
Magic:  4/4        EV:  7    Int: 10    God:    Hepliaklqana [......]
Gold:   156        SH:  9    Dex: 12    Spells: 3/3 levels left

rFire    . . .     SeeInvis .   a - +0 war axe
rCold    . . .     Gourm    .   c - +0 shield
rNeg     . . .     Faith    .   b - +0 scale mail
rPois    .         Spirit   .   (no helmet)
rElec    .         Reflect  .   (no cloak)
rCorr    .         Harm     .   i - +0 pair of gloves
MR       .....                  (no boots)
Stlth    +.........             (no amulet)
HPRegen  0.11/turn              (no ring)
MPRegen  0.09/turn              (no ring)

@: no status effects
A: reduced essence, icy blue scales 1, nightstalker 1
a: Recall Ancestor, Ancestor Identity, Renounce Religion


You were on level 3 of the Dungeon.
You worshipped Hepliaklqana.
Hepliaklqana was noncommittal.
You were hungry.

You visited 1 branch of the dungeon, and saw 3 of its levels.

You collected 156 gold pieces.

Inventory:

Hand Weapons
 a - a +0 war axe (weapon)
Armour
 b - a +0 scale mail (worn)
 c - a +0 shield (worn)
 i - a +0 pair of gloves (worn)
Scrolls
 e - 2 scrolls of fog {unknown}
 h - a scroll of enchant armour {unknown}
 j - a scroll of fear {unknown}
 k - a scroll of enchant weapon {unknown}
 l - 5 scrolls of identify {unknown}
 m - a scroll of blinking {unknown}
Potions
 d - a potion of might
Comestibles
 f - 5 rations


   Skills:
 + Level 3.8 Fighting
 + Level 2.8 Axes
 + Level 3.4 Armour
 + Level 3.4 Shields


You had 3 spell levels left.
You didn't know any spells.
Your spell library was empty.

Dungeon Overview and Level Annotations

Branches:
Dungeon (3/15)

Altars:
Cheibriados
Hepliaklqana

Annotations:
D:3 Ijyb


Innate Abilities, Weirdness & Mutations

You are partially covered in icy blue scales. (AC +2)
You are slightly more attuned to the shadows.
Your life essence is reduced to manifest your ancestor. (-10% HP)


Message History

Ijyb is moderately wounded.
You barely miss the giant cockroach. The giant cockroach barely misses you.
Ijyb screams, "I no like you!" You block Ijyb's attack.
The giant cockroach bites you. You block Ijyb's attack.
You closely miss Ijyb.
Ijyb is moderately wounded.
You completely miss the giant cockroach.
The giant cockroach bites you but does no damage.
Ijyb screams, "Level is mine!
All mine!"
Ijyb hits you but does no damage.
The giant cockroach bites you but does no damage.
You barely miss Ijyb.
Ijyb is moderately wounded.
You hit the giant cockroach.
Ijyb screams, "Level is mine!
All mine!"
Ijyb hits you but does no damage. The giant cockroach bites you.
Ijyb zaps a wand.
You are blasted!
Ouch! That really hurt!
You die...

# #### #.
.... #. .....
##..##+#.....
.......†.....
#..#.#.#
#.#g#s#
#..@#.#
##..s.#
#####.#### #.
........# #.#
######..##
#.# #...# #
#.# ####+#.#
#.#.#
.......#
#.#.#########
.......#
#............


You could see Ijyb and a giant cockroach.

Vanquished Creatures
  A centaur skeleton (D:2)
  5 adders (D:2)
  A worm (D:2)
  A dart slug (D:2)
  3 leopard geckos
  3 giant cockroaches
  5 hobgoblins
  6 jackals
  6 kobolds
  A quokka (D:2)
  A ball python (D:2)
  8 bats
  2 frilled lizards
  5 goblins
  4 rats
52 creatures vanquished.

Vanquished Creatures (others)
  An ancestor (D:3)
1 creature vanquished.

Grand Total: 53 creatures vanquished

Notes
Turn   | Place    | Note
-------+----------+-------------------------------------------
     0 | D:1      | Blackhawk the Demonspawn Fighter began the quest for the
                  | Orb.
     0 | D:1      | Reached XP level 1. HP: 18/18 MP: 1/1
   388 | D:1      | Gained mutation: You are partially covered in icy blue
                  | scales. (AC +2) [demonic ancestry]
   388 | D:1      | Reached XP level 2. HP: 24/24 MP: 2/2
   893 | D:2      | Gained mutation: You are slightly more attuned to the
                  | shadows. [demonic ancestry]
   893 | D:2      | Reached XP level 3. HP: 29/29 MP: 3/3
   996 | D:2      | Reached XP level 4. HP: 28/36 MP: 4/4
  1127 | D:2      | Found a snail-covered altar of Cheibriados.
  1269 | D:2      | Found a hazy altar of Hepliaklqana.
  1613 | D:2      | Became a worshipper of Hepliaklqana the Forgotten
  1951 | D:3      | Noticed Ijyb
  1977 | D:3      | Blown up by Ijyb

Vault maps used:
D:1:      lightli_arrival_boilingwater
D:2:      marbit_many_paths, overflow_temple_1_default, first_ration
D:3:      lemuel_round_altar, nicolae_ru_awakened_eye,
          cheibrodos_ashenzari_chains, uniq_natasha, uniq_robin, uniq_ijyb

Skill      XL: |  1  2 |
---------------+-------+-----
Axes           | 2 |  2.8
Shields        | 3 |  3.4
Armour         | 3 |  3.4
Fighting       | |  3.8

Action                   |  1- 3 |  4- 6 || total
-------------------------+-------+-------++-------
Melee: War axe           |   103 |   105 ||   208
  Use: Potion            |       |     1 ||     1
  Eat: Chunk             |       |     3 ||     3
Armor: Scale mail        |    73 |    76 ||   149
Dodge: Dodged            |    27 |    49 ||    76
Block: Shield            |    61 |    93 ||   154

Table legend:
 A = Non-vault XP
 B = Vault XP
 C = Vault XP percentage of total XP
 D = Non-vault monster count
 E = Vault monster count
 F = Vault count percentage of total count
                 A         B        C        D         E       F
            +---------+---------+-------+---------+---------+-------
      Total |     180 |      13 |   6.7 |      51 |       1 |   1.9
            +---------+---------+-------+---------+---------+-------
        D:1 |      40 |       0 |   0.0 |      24 |       0 |   0.0
        D:2 |     134 |      13 |   8.8 |      24 |       1 |   4.0
        D:3 |       6 |       0 |   0.0 |       3 |       0 |   0.0
            +---------+---------+-------+---------+---------+-------
